 Dungeon Crawl Stone Soup version 0.25.0-11-g1f837a76a1 (webtiles) character file.

Game seed: 14051672783363069427

63437 IHuginn the Peltast (level 14, -1/125 (127) HPs)
             Began as a Minotaur Fighter on June 24, 2020.
             Was the Champion of the Shining One.
             Succumbed to a death drake's dark miasma
             ... in a Gauntlet.
             The game lasted 01:12:27 (22450 turns).

IHuginn the Peltast (Minotaur Fighter)             Turns: 22450, Time: 01:12:28

HP:   -1/125 (127)  AC: 24    Str: 24    XL:     14   Next: 68%
MP:   15/16         EV: 14    Int:  5    God:    the Shining One [******]
Gold: 1020          SH: 21    Dex: 18    Spells: 13/13 levels left

rFire    + . .     SeeInvis +   x - +4 hand axe (freeze)
rCold    . . .     Gourm    .   c - +0 kite shield
rNeg     + + +     Faith    +   o - +3 plate armour
rPois    .         Spirit   .   W - +1 hat {SInv}
rElec    .         Reflect  .   P - +0 cloak
rCorr    .         Harm     .   S - +0 pair of gloves
MR       +....     NoTele   +   q - +0 pair of boots
Stlth    ..........             D - amulet of faith
HPRegen  0.30/turn              p - +6 ring of dexterity
MPRegen  0.15/turn              Z - ring of protection from fire

@: lethally poisoned (-1 -> -49), divine shield, slowed, glowing, very slow
A: retaliatory headbutt, horns 2
a: Divine Shield, Cleansing Flame, Summon Divine Warrior, Brand Weapon With Holy
Wrath, Renounce Religion


You were in a Gauntlet.
You worshipped the Shining One.
The Shining One was exalted by your worship.
You were not hungry.

You visited 3 branches of the dungeon, and saw 20 of its levels.
You also visited: Gauntlet.

You collected 1020 gold pieces.

Inventory:

Hand Weapons
 v - a +4 scimitar of flaming
 x - a +4 hand axe of freezing (weapon)
 I - the +2 rapier of Destruction {venom, +Blink rPois Stlth+}
   (You found it on level 4 of the Lair of Beasts)

   It poisons the flesh of those it strikes.
   It protects you from poison.
   It lets you blink.
   It makes you more stealthy.
 L - the +5 quarterstaff "Killer Klown's Regret" {freeze, rC+}
   (You found it on level 6 of the Dungeon)

   It has been specially enchanted to freeze those struck by it, causing extra
   injury to most foes and up to half again as much damage against particularly
   susceptible opponents.
   It can also slow down cold-blooded creatures.
   It protects you from cold.
Missiles
 t - 6 silver boomerangs
 J - 10 curare-tipped darts (quivered)
 U - 23 poisoned darts
Armour
 c - a +0 kite shield (worn)
 o - a +3 plate armour (worn)
 q - a +0 pair of boots (worn)
 P - a +0 cloak (worn)
 S - a +0 pair of gloves (worn)
 W - a +1 hat of see invisible (worn)
Jewellery
 e - an uncursed amulet of guardian spirit {unknown}
 p - a +6 ring of dexterity (left hand)
 w - a +6 ring of dexterity
 D - an amulet of faith (around neck)
 Z - a ring of protection from fire (right hand)
Wands
 E - a wand of paralysis (9)
 R - a wand of disintegration (29)
 V - a wand of iceblast (24)
 X - a wand of flame (17)
 Y - a wand of acid (9)
Scrolls
 a - a scroll of enchant armour {unknown}
 b - a scroll of holy word {unknown}
 g - 4 scrolls of identify
 h - 10 scrolls of fog
 i - 6 scrolls of teleportation {unknown}
 j - 12 scrolls of remove curse
 k - 5 scrolls of blinking {unknown}
 m - 3 scrolls of amnesia {unknown}
 n - 5 scrolls of magic mapping {unknown}
 u - a scroll of random uselessness {unknown}
 y - 3 scrolls of enchant weapon {unknown}
 A - a scroll of silence {unknown}
 F - 2 scrolls of immolation {unknown}
 H - a scroll of acquirement {unknown}
 O - 2 scrolls of fear {unknown}
 Q - a scroll of brand weapon {unknown}
Potions
 d - 3 potions of might
 r - 4 potions of curing
 s - a potion of heal wounds
 z - 3 potions of haste
 B - 2 potions of invisibility {unknown}
 C - 3 potions of flight
 G - 2 potions of magic
 N - 2 potions of brilliance
 T - a potion of cancellation
Miscellaneous
 l - a phantom mirror
 K - a box of beasts
Comestibles
 f - 34 rations
 M - 6 chunks of flesh


   Skills:
 + Level 12.9 Fighting
 - Level 2.1 Short Blades
 + Level 12.8 Axes
 - Level 2.6 Staves
 - Level 6.0 Throwing
 + Level 12.9 Armour
 + Level 11.5 Dodging
 - Level 15.0 Shields
 + Level 2.1 Invocations
 + Level 4.9 Evocations


You had 13 spell levels left.
You didn't know any spells.
Your spell library contained the following spells:

 Spells                   Type           Power        Failure   Level  Hunger
 Beastly Appendage        Tmut           #.....       99%         1    ##.....
 Magic Dart               Conj           #...         99%         1    ##.....
 Blink                    Tloc           N/A          100%        2    ###....
 Call Imp                 Summ           #.......     100%        2    ###....
 Slow                     Hex            #.......     100%        2    ###....
 Sticks to Snakes         Tmut           #.......     100%        2    ###....
 Confusing Touch          Hex            #.......     100%        3    ####...
 Conjure Flame            Conj/Fire      #.......     100%        3    ####...
 Gell's Gravitas          Tloc           #.........   100%        3    ####...
 Mephitic Cloud           Conj/Pois/Air  #.......     100%        3    ####...
 Recall                   Summ/Tloc      N/A          100%        3    ####...
 Spider Form              Tmut/Pois      #.........   100%        3    ####...
 Animate Dead             Necr           N/A          100%        4    #####..
 Cause Fear               Hex            #.........   100%        4    #####..
 Ice Form                 Ice/Tmut       #.......     100%        4    #####..
 Petrify                  Tmut/Erth      #.......     100%        4    #####..
 Blade Hands              Tmut           #.........   100%        5    ######.
 Borgnjor's Vile Clutch   Necr/Erth      #.........   100%        5    ######.
 Metabolic Englaciation   Hex/Ice        #.........   100%        5    ######.
 Silence                  Hex/Air        #.........   100%        5    ######.
 Yara's Violent Unravell  Hex/Tmut       #.........   100%        5    ######.
 Death Channel            Necr           #.........   100%        6    #######
 Simulacrum               Ice/Necr       #.........   100%        6    #######
 Discord                  Hex            #.........   100%        8    #######


Dungeon Overview and Level Annotations

Branches:
Dungeon (13/15)            Temple (1/1) D:7            Lair (6/6) D:10
  Swamp (0/4) Lair:4       Spider (0/4) Lair:4        Slime (0/5) Lair:6
    Orc (0/2) D:12        Gauntlet (1/1)
 Vaults: D:13-14

Altars:
Dithmenos
Elyvilon
Gozag
Hepliaklqana
Kikubaaqudgha
Makhleb
Nemelex Xobeh
Okawaru
Ru
Trog
Uskayaw
Vehumet
Yredelemnul
Zin
The Shining One
Jiyva

Shops:
D:8 [

Annotations:
D:8 2 transporters, ioannis32's ghost, novice DsBe
Lair:6 1 runed translucent door Gauntlet 1 runed translucent door, 5 transporters


Innate Abilities, Weirdness & Mutations

You reflexively headbutt those who attack you in melee.
You have a pair of horns on your head.


Message History

You feel sick.
The death drake is no longer moving slowly.
You block the death drake's attack.
Okay, then.
It was a potion of heal wounds.
You feel much better.
You are engulfed in dark miasma.
You are lethally poisoned!
You feel your flesh rotting away!
You feel as though you will be slow longer.
* * * LOW HITPOINT WARNING * * *
x2 You feel very sick.
You block the death drake's attack. x2
* * * LOW HITPOINT WARNING * * *
You feel very sick. The death drake breathes miasma at you.
The foul vapour engulfs you but does no damage.
You are engulfed in dark miasma.
You are more poisoned.
You feel your flesh rotting away!
* * * LOW HITPOINT WARNING * * *
You die...

## ## ##
##≈###≈###≈###≈###≈## ≈
≈#≈≈≈#≈≈≈#≈≈≈#≈≈≈#≈≈≈#
........................
##. .#########...#######
.#.8 #=!#.##.#.8.#......
.#... ##.Z#.##...#..#.#.
.######°##Z.######..#.#.
h#©.©#°@#k##.#©.©#©.#©#.
.#...###°°#.##...#..#.#.
.#... #°##°°##...#..#.#.
2#8© #°°#.##.#8©8#...†..
########################
........................
≈≈≈#≈≈≈#≈≈≈#...8⌠8..8∩8.
≈ ##≈###≈###...........
## ## ############


You could see a hell beast (asleep), a death drake (catching breath), 2 spectral
centaur warriors and a hell hound (asleep).

Vanquished Creatures
  The ghost of Tunlugh the Earth Mage, an adept GrEE of Vehumet (Lair:4)
  Rupert (D:12)
  Gastronok (Lair:2)
  Kirke (D:12)
  Azrael (D:12)
  A dire elephant (Lair:6)
  Josephine (D:13)
  2 hydras (Lair:5)
  A catoblepas (Lair:6)
  5 two-headed ogres
  A tengu warrior (Gauntlet)
  17 death yaks
  A deep troll shaman (Lair:6)
  Sonja (D:13)
  Nergalle (Lair:3)
  An unseen horror (D:12)
  The ghost of mavignon the Twirler, a novice DrCK of Xom (D:6)
  An orc knight (D:12)
  An ugly thing (D:12)
  A deep elf mage (D:12)
  A cyclops (D:12)
  A manticore (Lair:4)
  4 elephants (Lair:6)
  An oklob plant (Lair:1)
  5 black mambas
  A gargoyle (D:10)
  A centaur zombie (D:10)
  6 spiny frogs
  2 rime drakes
  7 komodo dragons
  A polar bear (Lair:6)
  A troll (D:13)
  A tengu conjurer (Gauntlet)
  3 hornets
  10 blink frogs
  12 hippogriffs
  Sigmund (D:2)
  4 flying skulls (Gauntlet)
  A spriggan (D:8)
  3 wraiths (D:13)
  3 redbacks (Lair:4)
  20 yaks
  6 fire elementals
  2 wyverns
  4 hogs (D:12)
  4 basilisks
  2 steam dragons
  2 hungry ghosts (D:8)
  An acid dragon (D:10)
  2 hell hounds (D:12)
  9 porcupines
  15 water moccasins
  2 sky beasts
  A black bear (D:8)
  An eye of draining (D:12)
  10 ogres
  2 ice beasts
  6 phantoms
  13 orc warriors
  A necrophage (D:8)
  12 wolves
  7 centaurs
  11 crocodiles
  12 bullfrogs
  An earth elemental (D:10)
  A gnoll sergeant (D:8)
  A wyvern zombie (D:9)
  A wyvern skeleton (D:12)
  7 scorpions
  11 wights
  7 killer bees
  A howler monkey (D:8)
  An electric eel (D:12)
  A bullfrog zombie (D:6)
  5 crimson imps
  8 hounds
  2 centaur skeletons
  11 orc priests
  6 jellies
  3 bullfrog skeletons
  2 iguanas (D:8)
  12 orc wizards
  9 worker ants
  Robin (D:3)
  10 adders
  6 gnolls
  5 shadow imps
  An adder zombie (D:6)
  2 dart slugs
  6 leopard geckos
  62 orcs
  11 bats
  8 giant cockroaches
  15 goblins
  7 hobgoblins
  15 jackals
  2 ball pythons
  3 frilled lizards
  7 kobolds
  A leopard gecko zombie (D:6)
  6 rats
  2 fungi (Lair:5)
  6 plants
521 creatures vanquished.

Vanquished Creatures (others)
  An air elemental (D:10)
  A water elemental (D:10)
  An orc (D:12)
  A bush (Lair:4)
  6 fungi
  A plant (Lair:5)
11 creatures vanquished.

Grand Total: 532 creatures vanquished

Notes
Turn   | Place    | Note
-------+----------+-------------------------------------------
     0 | D:1      | IHuginn the Minotaur Fighter began the quest for the Orb.
     0 | D:1      | Reached XP level 1. HP: 19/19 MP: 0/0
     2 | D:1      | Noticed a vine stalker
     2 | D:1      | Noticed a dwarf
     4 | D:1      | Noticed a gargoyle
     7 | D:1      | Noticed an ogre
     9 | D:1      | Noticed a draconian
     9 | D:1      | Noticed a naga
    11 | D:1      | Noticed a troll
    11 | D:1      | Noticed a merfolk
    13 | D:1      | Noticed a formicid
    13 | D:1      | Noticed a vampire
    15 | D:1      | Noticed an elf
    17 | D:1      | Noticed an octopode
    17 | D:1      | Noticed a minotaur
    19 | D:1      | Noticed a ghoul
    19 | D:1      | Noticed a spriggan
    21 | D:1      | Noticed a demonspawn
    21 | D:1      | Noticed a centaur
    23 | D:1      | Noticed a tengu
    23 | D:1      | Noticed a demigod
    25 | D:1      | Noticed a halfling
    25 | D:1      | Noticed a human
    27 | D:1      | Noticed a felid
    47 | D:1      | Reached XP level 2. HP: 23/27 MP: 1/1
   491 | D:1      | Reached skill level 1 in Dodging
   653 | D:1      | Reached skill level 4 in Shields
   653 | D:1      | Reached XP level 3. HP: 33/33 MP: 2/2
  1159 | D:2      | Reached XP level 4. HP: 40/40 MP: 3/3
  1286 | D:2      | Noticed Sigmund
  1305 | D:2      | Killed Sigmund
  1305 | D:2      | Reached XP level 5. HP: 24/47 MP: 4/4
  1769 | D:3      | Reached XP level 6. HP: 55/55 MP: 5/5
  1782 | D:3      | Noticed Robin
  1795 | D:3      | Reached skill level 5 in Shields
  1800 | D:3      | Killed Robin
  2020 | D:3      | Reached skill level 5 in Fighting
  2023 | D:3      | Reached skill level 5 in Armour
  2502 | D:4      | Found a glowing silver altar of Zin.
  2605 | D:4      | Reached XP level 7. HP: 61/61 MP: 6/6
  2676 | D:4      | Noticed a hippogriff
  2683 | D:4      | Killed a hippogriff
  2683 | D:4      | Reached skill level 5 in Axes
  2802 | D:4      | Found a sparkling altar of Nemelex Xobeh.
  2807 | D:4      | Found an opulent altar of Gozag.
  3071 | D:4      | Found a white marble altar of Elyvilon.
  3468 | D:5      | Entered Level 5 of the Dungeon
  3527 | D:5      | Reached skill level 6 in Shields
  3585 | D:5      | Reached XP level 8. HP: 63/70 MP: 7/7
  4490 | D:6      | Noticed mavignon's ghost (novice DrCK)
  4498 | D:6      | Found a transporter.
  4520 | D:6      | Found a transporter.
  4767 | D:6      | Reached skill level 5 in Dodging
  4844 | D:6      | Reached skill level 7 in Shields
  5225 | D:6      | Got a smoking quarterstaff
  5226 | D:6      | Identified the +5 quarterstaff "Killer Klown's Regret"
                  | {freeze, rC+} (You found it on level 6 of the Dungeon)
  5434 | D:6      | Killed mavignon's ghost
  5434 | D:6      | Reached XP level 9. HP: 54/79 MP: 8/8
  6114 | D:7      | Found a staircase to the Ecumenical Temple.
  6204 | Temple   | Entered the Ecumenical Temple
  6272 | Temple   | Became a worshipper of the Shining One
  6345 | D:7      | Reached skill level 8 in Shields
  6856 | D:8      | Noticed a two-headed ogre
  6864 | D:8      | Killed a two-headed ogre
  7057 | D:8      | Reached XP level 10. HP: 83/90 MP: 9/9
  7061 | D:8      | Reached skill level 9 in Shields
  7102 | D:8      | Noticed a moth of wrath
  7102 | D:8      | Noticed ioannis32's ghost (novice DsBe)
  7104 | D:8      | Noticed a two-headed ogre
  7111 | D:8      | Found a transporter.
  7181 | D:8      | Found Zisicvira's Armour Shoppe.
  7186 | D:8      | Reached * piety under the Shining One
  7358 | D:8      | Found a sacrificial altar of Ru.
  7664 | D:8      | Found a bloodstained altar of Trog.
  7670 | D:8      | Found a transporter.
  8108 | D:9      | Noticed a two-headed ogre
  8116 | D:9      | Killed a two-headed ogre
  8116 | D:9      | Reached skill level 10 in Shields
  8381 | D:9      | Found a basalt altar of Yredelemnul.
  8511 | D:9      | Reached ** piety under the Shining One
  8578 | D:9      | Paralysed by a hornet for 3 turns
  8744 | D:9      | Reached skill level 1 in Throwing
  8858 | D:9      | Reached XP level 11. HP: 72/97 MP: 10/10
  9082 | D:10     | Entered Level 10 of the Dungeon
  9082 | D:10     | Found a large runed translucent door.
  9082 | D:10     | Found a large runed translucent door.
  9462 | D:10     | Reached skill level 11 in Shields
  9489 | D:10     | Found a staircase to the Lair.
 10151 | Lair:1   | Entered Level 1 of the Lair of Beasts
 10232 | Lair:1   | Noticed an oklob plant
 10269 | Lair:1   | Killed an oklob plant
 10272 | Lair:1   | Got an ancient scimitar
 10310 | Lair:1   | Identified the +6 scimitar of Satyriasis {vamp, Dex+9} (You
                  | found it on level 1 of the Lair of Beasts)
 11301 | Lair:2   | Reached *** piety under the Shining One
 11482 | Lair:2   | Noticed Gastronok
 11503 | Lair:2   | Killed Gastronok
 11503 | Lair:2   | Reached skill level 10 in Fighting
 11503 | Lair:2   | Reached skill level 10 in Armour
 11716 | Lair:2   | Reached skill level 10 in Axes
 11930 | Lair:2   | Reached skill level 12 in Shields
 12734 | Lair:3   | Reached XP level 12. HP: 107/107 MP: 11/11
 12896 | Lair:3   | Noticed Nergalle
 12915 | Lair:3   | Killed Nergalle
 13803 | Lair:4   | Noticed a death yak
 13803 | Lair:4   | Noticed a death yak
 13803 | Lair:4   | Noticed a death yak
 13803 | Lair:4   | Noticed a death yak
 13804 | Lair:4   | Noticed a death yak
 13804 | Lair:4   | Noticed a death yak
 13827 | Lair:4   | Killed a death yak
 13839 | Lair:4   | Killed a death yak
 13860 | Lair:4   | Killed a death yak
 13860 | Lair:4   | Reached skill level 5 in Throwing
 13860 | Lair:4   | Reached skill level 13 in Shields
 13880 | Lair:4   | Killed a death yak
 13898 | Lair:4   | Killed a death yak
 13918 | Lair:4   | Killed a death yak
 14383 | Lair:4   | Found a runed translucent gate.
 14383 | Lair:4   | Found a runed translucent gate.
 14383 | Lair:4   | Found a runed translucent gate.
 14386 | Lair:4   | Noticed Tunlugh's ghost (adept GrEE)
 14473 | Lair:4   | Reached **** piety under the Shining One
 14475 | Lair:4   | Found a hole to the Spider Nest.
 14577 | Lair:4   | Found a staircase to the Swamp.
 14995 | Lair:4   | Killed Tunlugh's ghost
 14995 | Lair:4   | Reached skill level 10 in Dodging
 14995 | Lair:4   | Reached XP level 13. HP: 37/116 MP: 12/12
 15288 | Lair:4   | Got a steaming rapier
 15289 | Lair:4   | Identified the +2 rapier of Destruction {venom, +Blink
                  | rPois Stlth+} (You found it on level 4 of the Lair of
                  | Beasts)
 15922 | Lair:5   | Reached skill level 14 in Shields
 15934 | Lair:5   | Reached skill level 1 in Staves
 16056 | Lair:5   | Reached skill level 1 in Short Blades
 16056 | Lair:5   | Reached skill level 1 in Evocations
 16776 | Lair:6   | Entered Level 6 of the Lair of Beasts
 17847 | Lair:6   | Found a runed translucent door.
 17860 | Lair:6   | Found a viscous altar of Jiyva.
 17860 | Lair:6   | Noticed an azure jelly
 17861 | Lair:6   | Noticed an azure jelly
 17869 | Lair:6   | Found a staircase to the Slime Pits.
 17870 | Lair:6   | Noticed an azure jelly
 18504 | Lair:6   | Noticed a dire elephant
 18516 | Lair:6   | Killed a dire elephant
 18516 | Lair:6   | Reached XP level 14. HP: 69/126 MP: 15/15
 18721 | Lair:6   | Got a glimmering chain mail
 18735 | Lair:6   | Identified the +1 chain mail of Twilight {rC+ Dex+4} (You
                  | found it on level 6 of the Lair of Beasts)
 18844 | Lair:6   | Reached ***** piety under the Shining One
 20592 | D:12     | Noticed Rupert
 20597 | D:12     | Paralysed by Rupert for 2 turns
 20638 | D:12     | Killed Rupert
 21059 | D:12     | Noticed Azrael
 21104 | D:12     | HP: 6/127 [fire elemental[Azrael] (2)]
 21109 | D:12     | Killed Azrael
 21213 | D:12     | Found a staircase to the Orcish Mines.
 21565 | D:12     | Noticed Kirke
 21582 | D:12     | Killed Kirke
 21582 | D:12     | Reached skill level 1 in Invocations
 21815 | D:12     | Reached ****** piety under the Shining One
 22004 | D:13     | Noticed Sonja
 22014 | D:13     | Killed Sonja
 22184 | D:13     | Noticed Josephine
 22201 | D:13     | Killed Josephine
 22201 | D:13     | Reached skill level 15 in Shields
 22241 | D:13     | Found a gate leading to a gauntlet.
 22246 | Gauntlet | Entered a Gauntlet
 22246 | Gauntlet | Found a runed translucent door.
 22246 | Gauntlet | Found a transporter.
 22249 | Gauntlet | Found a runed translucent door.
 22253 | Gauntlet | Found a transporter.
 22253 | Gauntlet | Found a transporter.
 22253 | Gauntlet | Found a transporter.
 22326 | Gauntlet | Found a transporter.
 22349 | Gauntlet | Found a transporter.
 22349 | Gauntlet | Found a transporter.
 22359 | Gauntlet | Found a transporter.
 22359 | Gauntlet | Found a transporter.
 22359 | Gauntlet | Found a transporter.
 22435 | Gauntlet | Found a transporter.
 22435 | Gauntlet | Found a transporter.
 22450 | Gauntlet | Found a transporter.
 22450 | Gauntlet | HP: 6/125 [death drake] (12)]
 22450 | Gauntlet | Succumbed to a death drake's dark miasma

Illustrated notes

Levels and vault maps discovered:
D:1:      kb_arrival_jail, layout_rooms
D:2:      layout_loops_cross, first_ration, uniq_sigmund
D:3:      layout_basic, uniq_robin
D:4:      layout_loops_corners, nicolae_overflow_hidden_temple, minitemple
D:5:      layout_cave_pods
D:6:      layout_loops_ring, gammafunk_ghost_arena
D:7:      layout_layer_cave, temple_doors_e
D:8:      layout_basic, nicolae_ru_great_annihilating_truth, serial_shops, shop,
          gammafunk_ghost_wrathful_warriors, the_bakery
D:9:      layout_grid_maze, nicolae_overflow_crystal_walls
D:10:     layout_loops_ring, dpeg_oklobed_lair, lightli_elemental_guards
D:11:     layout_roguey [special_room_orc]
D:12:     layout_loops_ring, erik_orc_2, uniq_rupert, uniq_azrael, uniq_kirke
D:13:     emtedronai_trogs_sanctum, layout_long_grid, serial_shops, shop,
          gauntlet_entry_generic, uniq_sonja, uniq_josephine, uniq_jorgrun
Temple:   nicolae_temple_elliptical
Lair:1:   layout_roguey, nicolae_volcano_entry_s_turn,
          infiniplex_staircase_pool, minmay_lair_oklob_chamber
Lair:2:   layout_chaotic_city, columned_hall_lemuel, uniq_gastronok
Lair:3:   layout_cave_pods, infiniplex_staircase_pool_2, uniq_nergalle
Lair:4:   layout_hall_layers, swamp_mist_pool, spider_nest_entry_webs,
          gammafunk_ghost_split, serial_bayou_shore_b, serial_bayou_shore_b,
          grunt_megastairs_4
Lair:5:   layout_loops_ring
Lair:6:   grunt_lair_end_beastmaster, layout_regular_city, slime_altar_2,
          grunt_megastairs_1, lemuel_fruit_fields, serial_bayou_shore_a
Gauntlet: gammafunk_gauntlet_77_escape_option [minmay_gauntlet_arena_77_cramped,
          minmay_gauntlet_arena_77_block_sizes,
          minmay_gauntlet_arena_77_chump_sandwich,
          minmay_gauntlet_arena_77_tiled_triplets,
          minmay_gauntlet_arena_77_radiant_squares, gauntlet_exit_watery]

Skill      XL: |  1  2  3  4  5  6  7  8  9 10 11 12 13 14 |
---------------+-------------------------------------------+-----
Dodging        | 1 2 3 4 5 6 7 8 10 11 | 11.5
Fighting       | 4 5 6 7 8 9 10 11 12 | 12.9
Shields        | 4 5 6 7 8 10 12 13 14 15 | 15.0
Armour         | 4 5 6 7 8 9 10 11 12 | 12.9
Axes           | 3 4 5 7 8 9 10 11 12 | 12.8
Throwing       | 1 4 5 6 |  6.0
Staves         | 2 |  2.6
Short Blades   | 2 |  2.1
Evocations     | 3 4 |  4.9
Invocations    | 2 |  2.1

Action                   |  1- 3 |  4- 6 |  7- 9 | 10-12 | 13-15 || total
-------------------------+-------+-------+-------+-------+-------++-------
Melee: War axe           |    40 |       |       |       |       ||    40
       Headbutt          |     7 |    17 |    86 |   243 |   265 ||   618
       Hand axe          |    21 |    79 |   292 |   710 |   776 ||  1878
Throw: Boomerang         |       |     6 |     4 |    15 |       ||    25
       Dart              |       |       |       |       |     7 ||     7
Invok: Divine Shield     |       |       |       |     2 |     2 ||     4
  Use: Scroll            |     2 |       |     4 |     3 |     6 ||    15
       Potion            |       |       |       |     6 |     9 ||    15
 Stab: Sleeping          |       |       |     4 |       |       ||     4
       Distracted        |       |       |     2 |       |       ||     2
  Eat: Chunk             |     1 |     4 |    13 |    21 |    21 ||    60
       Ration            |       |       |       |     2 |     1 ||     3
Armor: Scale mail        |    35 |    23 |     9 |       |       ||    67
       Leather armour    |       |       |    36 |    11 |       ||    47
       Plate armour      |       |       |       |   129 |   256 ||   385
Dodge: Dodged            |    24 |    29 |   105 |   156 |   256 ||   570
Block: Kite shield       |    40 |    40 |   164 |   319 |   426 ||   989
